TOP OF THE 1ST |
Southern Maryland Blue Crabs batting - Pitching for Paris Cubs : RHP Luis Solis
|
Pitching: RHP Luis Solis
|
|
Batting: RHB C.J. Wells
|
0-0: Ball 1-0: Foul Ball, location: 2F 1-1: Called Strike 1-2: Foul Ball, location: 2F 1-2: Strikes out swinging
|
Batting: LHB Jeremy Nuzzo
|
0-0: Ball 1-0: Fly out, F8 (Flyball, 8RM, EV 91.9 MPH)
|
Batting: SHB Eric Kelley
|
0-0: Ball 1-0: Ball 2-0: Called Strike 2-1: Ball 3-1: Base on Balls
|
Batting: LHB Xue-liang Zhou
|
0-0: Ball Wild Pitch! Eric Kelley to second 1-0: Ball 2-0: Called Strike 2-1: Foul Ball, location: 2F 2-2: Foul Ball, location: 2F 2-2: Strikes out swinging
|
Top of the 1st over - 0 runs, 0 hits, 0 errors, 1 left on base; Southern Maryland 0 - Paris 0 |
BOTTOM OF THE 1ST |
Paris Cubs batting - Pitching for Southern Maryland Blue Crabs : RHP Xavier Martin
|
Pitching: RHP Xavier Martin
|
|
Batting: SHB Jim Lloyd
|
0-0: Ball 1-0: Foul Ball, location: 2F 1-1: Ball 2-1: Swinging Strike 2-2: Strikes out swinging
|
Batting: RHB Dan Orozco
|
0-0: Called Strike 0-1: Ball 1-1: Swinging Strike 1-2: Foul Ball, location: 2F 1-2: Ball 2-2: Ball 3-2: SINGLE (Groundball, 56D, EV 102.5 MPH)
|
Batting: RHB Ricky Ramirez
|
0-0: Called Strike 0-1: Called Strike 0-2: Fly out, F4 (Popup, 34D, EV 63.1 MPH)
|
Batting: RHB David Bousfield
|
0-0: Ball 1-0: Called Strike 1-1: Foul Ball, location: 2F 1-2: Strikes out swinging
|
Bottom of the 1st over - 0 runs, 1 hit, 0 errors, 1 left on base; Southern Maryland 0 - Paris 0 |
TOP OF THE 2ND |
Southern Maryland Blue Crabs batting - Pitching for Paris Cubs : RHP Luis Solis
|
Batting: RHB Tyler Cohen
|
0-0: Foul Ball, location: 2F 0-1: Called Strike 0-2: Ball 1-2: Ball 2-2: Foul Ball, location: 2F 2-2: Strikes out swinging
|
Batting: LHB Robert Ortiz
|
0-0: Ball 1-0: Ball 2-0: Ball 3-0: Base on Balls
|
Pitching: RHP Jose Mata
|
|
Batting: RHB Pedro Luera
|
0-0: DOUBLE (Line Drive, 78D, EV 114.4 MPH) Robert Ortiz to third
|
Batting: LHB Ivan Alvarez
|
0-0: Ball 1-0: Ball 2-0: Fly out, F7 (Line Drive, 7D, EV 88.8 MPH) Runner from 3rd tags up, SCORES, no throw by LF Pedro Luera to third
|
Batting: RHB Javier Brizuela
|
0-0: Ball 1-0: Ball 2-0: Foul Ball, location: 2F 2-1: Ball 3-1: Fly out, F9 (Flyball, 9D, EV 99.4 MPH)
|
Top of the 2nd over - 1 run, 1 hit, 0 errors, 1 left on base; Southern Maryland 1 - Paris 0 |
BOTTOM OF THE 2ND |
Paris Cubs batting - Pitching for Southern Maryland Blue Crabs : RHP Xavier Martin
|
Batting: LHB Jeremy Rideout
|
0-0: Foul Ball, location: 2F 0-1: Fly out, F7 (Flyball, 7S, EV 80.0 MPH)
|
Batting: RHB Andy Villarreal
|
0-0: Ball 1-0: Foul Ball, location: 2F 1-1: Ball 2-1: Swinging Strike 2-2: Strikes out swinging
|
Batting: RHB Lencho Otieno
|
0-0: Called Strike 0-1: Foul Ball, location: 2F 0-2: Strikes out swinging
|
Bottom of the 2nd over - 0 runs, 0 hits, 0 errors, 0 left on base; Southern Maryland 1 - Paris 0 |
TOP OF THE 3RD |
Southern Maryland Blue Crabs batting - Pitching for Paris Cubs : RHP Jose Mata
|
Batting: RHB C.J. Wells
|
0-0: Foul Ball, location: 2F 0-1: Called Strike 0-2: Ball 1-2: Foul Ball, location: 2F 1-2: Ground out 5-3 (Groundball, 5S, EV 87.5 MPH)
|
Batting: LHB Jeremy Nuzzo
|
0-0: Called Strike 0-1: Ball 1-1: Fly out, F3 (Line Drive, 34, EV 63.8 MPH)
|
Batting: SHB Eric Kelley
|
0-0: Fly out, F8 (Flyball, 89XD, EV 92.5 MPH)
|
Top of the 3rd over - 0 runs, 0 hits, 0 errors, 0 left on base; Southern Maryland 1 - Paris 0 |
BOTTOM OF THE 3RD |
Paris Cubs batting - Pitching for Southern Maryland Blue Crabs : RHP Xavier Martin
|
Batting: LHB Jose Mafano
|
0-0: Ball 1-0: Fly out, F9 (Line Drive, 9, EV 91.9 MPH)
|
Batting: RHB Willie Rubio
|
0-0: Foul Ball, location: 2F 0-1: Swinging Strike 0-2: Strikes out swinging
|
Batting: SHB Jim Lloyd
|
0-0: Ball 1-0: Called Strike 1-1: Swinging Strike 1-2: Ground out 6-3 (Groundball, 6, EV 91.9 MPH)
|
Bottom of the 3rd over - 0 runs, 0 hits, 0 errors, 0 left on base; Southern Maryland 1 - Paris 0 |
TOP OF THE 4TH |
Southern Maryland Blue Crabs batting - Pitching for Paris Cubs : RHP Jose Mata
|
Pitching: RHP Mike Reusch
|
|
Batting: LHB Xue-liang Zhou
|
0-0: Called Strike 0-1: Ball 1-1: Swinging Strike 1-2: Foul Ball, location: 2F 1-2: Strikes out looking
|
Batting: RHB Tyler Cohen
|
0-0: Ball 1-0: Called Strike 1-1: Swinging Strike 1-2: Foul Ball, location: 2F 1-2: Fly out, F8 (Flyball, 8RS, EV 72.5 MPH)
|
Batting: LHB Robert Ortiz
|
0-0: Ball 1-0: Called Strike 1-1: Ground out 2-3 (Groundball, 2L, EV 66.9 MPH)
|
Top of the 4th over - 0 runs, 0 hits, 0 errors, 0 left on base; Southern Maryland 1 - Paris 0 |
BOTTOM OF THE 4TH |
Paris Cubs batting - Pitching for Southern Maryland Blue Crabs : RHP Xavier Martin
|
Batting: RHB Dan Orozco
|
0-0: Ball 1-0: Called Strike 1-1: SINGLE (Line Drive, 8LS, EV 100.6 MPH)
|
Batting: RHB Ricky Ramirez
|
0-0: SINGLE (Groundball, 34S, EV 66.9 MPH) (infield hit) Dan Orozco to second
|
Batting: RHB David Bousfield
|
0-0: Fly out, F8 (Line Drive, 8RD, EV 90.6 MPH)
|
Batting: LHB Jeremy Rideout
|
0-0: Called Strike 0-1: Ball 1-1: Foul Ball, location: 2F 1-2: Ball 2-2: Fly out, F5 (Line Drive, 5, EV 67.5 MPH)
|
Batting: RHB Andy Villarreal
|
0-0: Ball 1-0: Ball 2-0: Foul Ball, location: 2F 2-1: Ball 3-1: Base on Balls Dan Orozco to third Ricky Ramirez to second
|
Batting: RHB Lencho Otieno
|
0-0: Ball 1-0: Called Strike 1-1: Called Strike 1-2: Foul Ball, location: 2F 1-2: Strikes out swinging
|
Bottom of the 4th over - 0 runs, 2 hits, 0 errors, 3 left on base; Southern Maryland 1 - Paris 0 |
TOP OF THE 5TH |
Southern Maryland Blue Crabs batting - Pitching for Paris Cubs : RHP Mike Reusch
|
Batting: RHB Pedro Luera
|
0-0: Foul Ball, location: 2F 0-1: Ball 1-1: Called Strike 1-2: Strikes out swinging
|
Batting: LHB Ivan Alvarez
|
0-0: Called Strike 0-1: Foul Ball, location: 2F 0-2: Strikes out swinging
|
Pitching: LHP Jose Gutierres
|
|
Batting: RHB Javier Brizuela
|
0-0: Called Strike 0-1: Fly out, F9 (Flyball, 9, EV 88.1 MPH)
|
Top of the 5th over - 0 runs, 0 hits, 0 errors, 0 left on base; Southern Maryland 1 - Paris 0 |
BOTTOM OF THE 5TH |
Paris Cubs batting - Pitching for Southern Maryland Blue Crabs : RHP Xavier Martin
|
Batting: LHB Jose Mafano
|
0-0: Fly out, F7 (Flyball, 7LM, EV 93.1 MPH)
|
Batting: RHB Willie Rubio
|
0-0: Called Strike 0-1: Ball 1-1: Foul Ball, location: 2F 1-2: Ball 2-2: Strikes out swinging
|
Batting: SHB Jim Lloyd
|
0-0: Ball 1-0: Called Strike 1-1: Ball 2-1: Ground out U3 (Groundball, 3, EV 86.2 MPH)
|
Bottom of the 5th over - 0 runs, 0 hits, 0 errors, 0 left on base; Southern Maryland 1 - Paris 0 |
TOP OF THE 6TH |
Southern Maryland Blue Crabs batting - Pitching for Paris Cubs : LHP Jose Gutierres
|
Batting: RHB C.J. Wells
|
0-0: SOLO HOME RUN (Flyball, 78XD, EV 114.4 MPH), Distance : 430 ft
|
Batting: LHB Jeremy Nuzzo
|
0-0: Called Strike 0-1: Called Strike 0-2: Foul Ball, location: 2F 0-2: Strikes out swinging
|
Batting: SHB Eric Kelley
|
0-0: Called Strike 0-1: Foul Ball, location: 2F 0-2: Ball 1-2: Ball 2-2: Foul Ball, location: 2F 2-2: Foul Ball, location: 2F 2-2: Ball 3-2: Base on Balls
|
Batting: LHB Xue-liang Zhou
|
0-0: Ball 1-0: Ball 2-0: Ball 3-0: Base on Balls Eric Kelley to second
|
Pitching: LHP Noah Hornby
|
|
Batting: RHB Tyler Cohen
|
0-0: Swinging Strike 0-1: Ball Wild Pitch! Eric Kelley to third Xue-liang Zhou to second 1-1: Swinging Strike 1-2: Strikes out swinging
|
Batting: LHB Robert Ortiz
|
0-0: Called Strike 0-1: Ball 1-1: Ground out 4-3 (Groundball, 4M, EV 97.5 MPH)
|
Top of the 6th over - 1 run, 1 hit, 0 errors, 2 left on base; Southern Maryland 2 - Paris 0 |
BOTTOM OF THE 6TH |
Paris Cubs batting - Pitching for Southern Maryland Blue Crabs : RHP Xavier Martin
|
Batting: RHB Dan Orozco
|
0-0: Ball 1-0: Ball 2-0: Foul Ball, location: 2F 2-1: Foul Ball, location: 2F 2-2: Ball 3-2: Strikes out looking
|
Batting: RHB Ricky Ramirez
|
0-0: Ball 1-0: Fly out, F9 (Flyball, 89M, EV 91.9 MPH)
|
Batting: RHB David Bousfield
|
0-0: Ball 1-0: Foul Ball, location: 2F 1-1: Ball 2-1: Foul Ball, location: 2F 2-2: Fly out, F8 (Line Drive, 89M, EV 88.8 MPH)
|
Bottom of the 6th over - 0 runs, 0 hits, 0 errors, 0 left on base; Southern Maryland 2 - Paris 0 |
TOP OF THE 7TH |
Southern Maryland Blue Crabs batting - Pitching for Paris Cubs : LHP Noah Hornby
|
Batting: RHB Pedro Luera
|
0-0: Ball 1-0: Ball 2-0: Ball 3-0: Called Strike 3-1: Foul Ball, location: 2F 3-2: Foul Ball, location: 2F 3-2: Foul Ball, location: 2F 3-2: Base on Balls
|
Batting: LHB Ivan Alvarez
|
0-0: Sac Bunt to 5S - play at first, batter safe! Pedro Luera to second
|
Batting: RHB Javier Brizuela
|
0-0: Called Strike Pedro Luera is caught stealing 3rd base 2-5 Ivan Alvarez to second 0-1: Swinging Strike 0-2: SINGLE (Groundball, 34D, EV 103.8 MPH) Ivan Alvarez to third
|
Pitching: RHP Man-keung Li
|
|
Batting: RHB C.J. Wells
|
0-0: Ball Passed Ball! Ivan Alvarez scores Javier Brizuela to second 1-0: Fly out, F8 (Flyball, 8LM, EV 77.5 MPH)
|
Batting: LHB Jeremy Nuzzo
|
0-0: Ball 1-0: Ball Passed Ball! Javier Brizuela to third 2-0: Ball 3-0: Base on Balls
|
Batting: SHB Eric Kelley
|
0-0: Swinging Strike 0-1: Called Strike 0-2: Ball 1-2: Foul Ball, location: 2F 1-2: Foul Ball, location: 2F 1-2: Ball 2-2: Ball 3-2: 3-RUN HOME RUN (Flyball, 9LD, EV 95.0 MPH), Distance : 352 ft
|
Batting: LHB Xue-liang Zhou
|
0-0: Called Strike 0-1: Foul Ball, location: 2F 0-2: Ball 1-2: Foul Ball, location: 2F 1-2: Ball 2-2: SINGLE (Groundball, 56D, EV 96.9 MPH)
|
Pitching: RHP Alberto Cabrera
|
|
Batting: RHB Tyler Cohen
|
0-0: Swinging Strike 0-1: Ball 1-1: Called Strike 1-2: Foul Ball, location: 2F 1-2: Ball 2-2: Ball 3-2: Strikes out swinging
|
Top of the 7th over - 4 runs, 4 hits, 0 errors, 1 left on base; Southern Maryland 6 - Paris 0 |
BOTTOM OF THE 7TH |
Paris Cubs batting - Pitching for Southern Maryland Blue Crabs : RHP Xavier Martin
|
Batting: LHB Jeremy Rideout
|
0-0: Fly out, F8 (Line Drive, 78M, EV 92.5 MPH)
|
Batting: RHB Andy Villarreal
|
0-0: Ground out U3 (Groundball, 34S, EV 64.4 MPH)
|
Pinch Hitting: RHB Michihisa Tanaka
|
0-0: Ball 1-0: Fly out, F8 (Line Drive, 8RM, EV 88.1 MPH)
|
Bottom of the 7th over - 0 runs, 0 hits, 0 errors, 0 left on base; Southern Maryland 6 - Paris 0 |
TOP OF THE 8TH |
Southern Maryland Blue Crabs batting - Pitching for Paris Cubs : RHP Alberto Cabrera
|
Now at 3B: Michihisa Tanaka
|
|
Batting: LHB Robert Ortiz
|
0-0: Called Strike 0-1: SINGLE (Groundball, 4M, EV 81.2 MPH) (infield hit)
|
Batting: RHB Pedro Luera
|
0-0: Ball 1-0: Ball 2-0: Ball 3-0: Base on Balls Robert Ortiz to second
|
Batting: LHB Ivan Alvarez
|
0-0: SINGLE (Line Drive, 6MD, EV 107.5 MPH) Robert Ortiz to third Pedro Luera to second
|
Batting: RHB Javier Brizuela
|
0-0: SINGLE (Line Drive, 78M, EV 95.0 MPH) Robert Ortiz scores Pedro Luera to third Ivan Alvarez to second Runner from 3rd tries for Home, SAFE, throw by LF to home
|
Pinch Hitting: RHB Jeff Parlo
|
0-0: Ball Passed Ball! Ivan Alvarez to third Javier Brizuela to second 1-0: Ball 2-0: Ball 3-0: Called Strike 3-1: Called Strike 3-2: Base on Balls
|
Pitching: LHP Wilhelm Myers
|
|
Batting: LHB Jeremy Nuzzo
|
0-0: Ball 1-0: Ball 2-0: GRAND SLAM HOME RUN (Line Drive, 9D, EV 101.9 MPH), Distance : 403 ft
|
Batting: SHB Eric Kelley
|
0-0: Ball 1-0: Ball 2-0: Ball 3-0: Base on Balls
|
Batting: LHB Xue-liang Zhou
|
0-0: Ball 1-0: Foul Ball, location: 2F 1-1: Ball 2-1: Ball 3-1: Base on Balls Eric Kelley to second
|
Batting: RHB Tyler Cohen
|
0-0: Called Strike 0-1: Ball 1-1: Ground out 5-3 (Groundball, 56S, EV 61.2 MPH) Eric Kelley to third Xue-liang Zhou to second
|
Batting: LHB Robert Ortiz
|
0-0: Called Strike 0-1: Ball 1-1: Swinging Strike 1-2: Foul Ball, location: 2F 1-2: Ball 2-2: Foul Ball, location: 2F 2-2: Ground out 4-3 (Groundball, 4, EV 84.4 MPH) Eric Kelley scores Xue-liang Zhou to third
|
Pitching: LHP David Mendez
|
|
Batting: RHB Pedro Luera
|
0-0: Called Strike 0-1: Swinging Strike 0-2: Fly out, F3 (Popup, 3SF, EV 81.9 MPH)
|
Top of the 8th over - 7 runs, 4 hits, 0 errors, 1 left on base; Southern Maryland 13 - Paris 0 |
BOTTOM OF THE 8TH |
Paris Cubs batting - Pitching for Southern Maryland Blue Crabs : RHP Xavier Martin
|
Now in LF: Jeff Parlo
|
|
Now in CF: Eric Kelley
|
|
Pinch Hitting: RHB Jesus Resendez
|
0-0: Swinging Strike 0-1: Ball 1-1: Swinging Strike 1-2: Ball 2-2: Fly out, F4 (Popup, 34, EV 66.2 MPH)
|
Batting: RHB Willie Rubio
|
0-0: Swinging Strike 0-1: Ball 1-1: Ball 2-1: Foul Ball, location: 2F 2-2: Strikes out swinging
|
Batting: SHB Jim Lloyd
|
0-0: Foul Ball, location: 2F 0-1: Ball 1-1: Reached on error, E3 (Groundball, 34, EV 83.1 MPH)
|
Batting: RHB Dan Orozco
|
0-0: Ball 1-0: Ball 2-0: Fielders Choice at 2nd, 6-4 (Groundball, 6, EV 83.1 MPH)
|
Bottom of the 8th over - 0 runs, 0 hits, 1 error, 1 left on base; Southern Maryland 13 - Paris 0 |
TOP OF THE 9TH |
Southern Maryland Blue Crabs batting - Pitching for Paris Cubs : LHP David Mendez
|
Now in RF: Jesus Resendez
|
|
Pinch Hitting: LHB Stu Proulx
|
0-0: Swinging Strike 0-1: Foul Ball, location: 2F 0-2: Ball 1-2: Strikes out looking
|
Batting: RHB Javier Brizuela
|
0-0: Ground out 5-3 (Groundball, 56, EV 81.2 MPH)
|
Pinch Hitting: RHB Dou-wan Pan
|
0-0: Swinging Strike 0-1: Foul Ball, location: 2F 0-2: Ball 1-2: Strikes out looking
|
Top of the 9th over - 0 runs, 0 hits, 0 errors, 0 left on base; Southern Maryland 13 - Paris 0 |
BOTTOM OF THE 9TH |
Paris Cubs batting - Pitching for Southern Maryland Blue Crabs : RHP Xavier Martin
|
Now at 3B: Dou-wan Pan
|
|
Now at SS: Pedro Luera
|
|
Now in LF: Stu Proulx
|
|
Batting: RHB Ricky Ramirez
|
0-0: Called Strike 0-1: Called Strike 0-2: Foul Ball, location: 2F 0-2: Strikes out swinging
|
Batting: RHB David Bousfield
|
0-0: Called Strike 0-1: Ball 1-1: Called Strike 1-2: Strikes out swinging
|
Batting: LHB Jeremy Rideout
|
0-0: Ball 1-0: Called Strike 1-1: Foul Ball, location: 2F 1-2: Ground out 3-1 (Groundball, 34S, EV 84.4 MPH)
|
Bottom of the 9th over - 0 runs, 0 hits, 0 errors, 0 left on base; Southern Maryland 13 - Paris 0 |
|